 Dungeon Crawl Stone Soup version 0.17-a0-18-gc25b939 (webtiles) character file.

144 Chiseanne the Skirmisher (level 5, -1/29 HPs)
             Began as a Vine Stalker Wanderer on Mar 10, 2015.
             Was an Initiate of Makhleb.
             Slain by an ice beast (7 damage)
             ... on level 3 of the Dungeon.
             The game lasted 00:06:11 (2230 turns).

Chiseanne the Skirmisher (Vine Stalker Wanderer)    Turns: 2230, Time: 00:06:11

Health: -1/29      AC:  2    Str: 15    XL:     5   Next: 26%
Magic:  0/7        EV: 12    Int: 11    God:    Makhleb [......]
Gold:   76         SH:  0    Dex: 15    Spells: 0 memorised, 4 levels left

rFire  . . .     SeeInvis .     a - +2 mace (crush)
rCold  . . .     Clarity  .     c - +0 robe
rNeg   . . .     SustAb   .     (no shield)
rPois  .         Gourm    .     (no helmet)
rElec  .         Spirit   +     (no cloak)
rCorr  +         Warding  .     (no gloves)
rMut   .         Stasis   .     (no boots)
MR     .....                    j - amulet of resist corrosion
Stlth  ++........               (no ring)
                                (no ring)

@: not resistant to hostile enchantments, unstealthy
A: fangs 2, regeneration 1, magic shield, antimagic bite, no device heal 3, rot
immunity
a: Renounce Religion


You were on level 3 of the Dungeon.
You worshipped Makhleb.
Makhleb was noncommittal.
You were not hungry.

You visited 1 branch of the dungeon, and saw 3 of its levels.

You collected 76 gold pieces.

Inventory:

Hand weapons
 a - a +2 mace of crushing (weapon)
 d - a +2 dagger of venom
 s - a +1 dagger of flaming
Missiles
 i - 21 arrows
 p - 18 bolts
 v - 2 tomahawks (quivered)
Armour
 c - a +0 robe (worn)
Jewellery
 j - an amulet of resist corrosion (around neck)
Scrolls
 e - a scroll of enchant armour {unknown}
 h - a scroll of fog {unknown}
 k - a scroll of recharging {unknown}
 l - a scroll of teleportation {unknown}
 n - 2 scrolls of magic mapping {unknown}
 q - a scroll of immolation {unknown}
Potions
 b - 4 potions of curing
 f - a potion of resistance {unknown}
 m - a potion of restore abilities {unknown}
 o - a potion of might {unknown}
 t - a potion of agility {unknown}
 u - 2 potions of heal wounds {unknown}
 w - a potion of degeneration {unknown}
 x - a potion of poison {unknown}
Comestibles
 g - 3 meat rations
 r - 2 slices of pizza
 y - 3 bread rations


   Skills:
 * Level 4.2 Fighting
 - Level 1.0 Maces & Flails
   Level 1.0 Polearms
 - Level 2.4 Armour
 * Level 1.7 Dodging
 * Level 3.2 Stealth
   Level 1.0 Evocations


You had 4 spell levels left.
You didn't know any spells.

Dungeon Overview and Level Annotations

Branches:
Dungeon (3/15)

Altars:
Makhleb
Qazlal
Ru
Vehumet


Innate Abilities, Weirdness & Mutations

You have extremely sharp teeth.
Your natural rate of healing is unusually fast.
When hurt, damage is shared between your health and your magic reserves.
Your bite disrupts and absorbs the magic of your enemies.
Potions and wands cannot restore your health.
You are immune to rotting.


Message History

The hobgoblin barely misses you.
You sock the hobgoblin!
You kill the hobgoblin!
Makhleb accepts your kill. The ice beast barely misses you.
You closely miss the ice beast. The ice beast barely misses you.
The ice beast closely misses you.
You hit the ice beast. Your bite misses the ice beast.
The ice beast is lightly wounded.
The ice beast completely misses you.
You closely miss the ice beast.
The ice beast is lightly wounded.
The ice beast hits you. The ice beast freezes you!
* * * LOW HITPOINT WARNING * * *
You barely miss the ice beast.
The ice beast is lightly wounded.
The ice beast closely misses you. The ice beast hits you.
* * * LOW HITPOINT WARNING * * *
The ice beast freezes you!
You die...

############.....
.................#Y
#...................
#.................#. #
#.^...............# #?#
#.................#.##
#..........<.....g..
########....#####.#.###.
.............@Yw........
.............#######.#...
.............#
#########....#
##########....#
#.............#
#.............#
#.............#
##########....#


You could see a worm and an ice beast.

Vanquished Creatures
  5 adders
  4 gnolls (D:2)
  2 worms (D:2)
  A giant gecko (D:2)
  An ooze (D:2)
  4 bats
  9 hobgoblins
  4 kobolds
  A ball python (D:1)
  3 giant cockroaches
  5 giant newts
  5 goblins
  9 rats
53 creatures vanquished.

Notes
Turn   | Place    | Note
--------------------------------------------------------------
     0 | D:1      | Chiseanne, the Vine Stalker Wanderer, began the quest for the Orb.
     0 | D:1      | Chiseanne set off with: a +2 spear, 2 potions of curing, a +0 robe, a bread ration
     0 | D:1      | Reached XP level 1. HP: 11/11 MP: 1/1
   106 | D:1      | Reached skill level 3 in Fighting
   136 | D:1      | Reached XP level 2. HP: 16/16 MP: 3/3
   675 | D:2      | Reached XP level 3. HP: 16/20 MP: 2/4
   681 | D:2      | Reached skill level 1 in Dodging
  1119 | D:2      | Reached XP level 4. HP: 21/25 MP: 5/5
  1273 | D:2      | Found a sacrificial altar of Ru.
  1394 | D:2      | Found a stormy altar of Qazlal.
  1563 | D:2      | Reached skill level 4 in Fighting
  1843 | D:2      | Reached XP level 5. HP: 9/29 MP: 2/7
  2025 | D:2      | Found a burning altar of Makhleb.
  2031 | D:2      | Found a radiant altar of Vehumet.
  2090 | D:2      | Became a worshipper of Makhleb the Destroyer
  2209 | D:3      | Noticed an ice beast
  2230 | D:3      | Slain by an ice beast

Action                   |  1- 3 |  4- 6 || total
-------------------------+-------+-------++-------
Melee: Spear             |    34 |       ||    34
       Mace              |    28 |    74 ||   102
       Dagger            |       |     1 ||     1
 Stab: Sleeping          |     1 |     3 ||     4
       Distracted        |       |     1 ||     1
  Eat: Chunk             |     1 |     3 ||     4
